AoeStats
← Prixx

Arabia

510747125Analyzed
1v1 RM · 10h ago on Oct 2, 2026· 36m 11s· 2 players
Game mode
Random Map
Map size
Tiny (2 player)
Population
200
Speed
Normal
Resources
Standard
Victory
Conquest
Starting age
Dark Age
Ending age
Imperial Age
RankedLock teamsTeams togetherTeam positionsShared explorationLock speedFull tech treeHidden civsTurbo modeCheats
Victory
Defeat
🇷🇺 Magyars · Russia
1139
+18
🇩🇪 Malay · Germany
1174
-18
Gl_classic
5:41 Loom
8:53 Feudal Age
18:22 Castle Age
17:26 Double-Bit Axe
17:36 Horse Collar
18:13 Fletching
19:39 Bodkin Arrow
21:17 Padded Archer Armor
22:41 Bloodlines
23:18 Wheelbarrow
25:07 Leather Archer Armor
26:44 Scale Barding Armor
32:02 Thumb Ring
34:33 Imperial Age
35:24 Husbandry
35:26 Bracer
35:57 Ring Archer Armor
36:06 Parthian Tactics
Prixx
5:23 Loom
12:15 Feudal Age
13:46 Double-Bit Axe
22:17 Castle Age
20:59 Forging
24:17 Scale Barding Armor
Connection lost

Rejoining the realm…

Still unreachable

The connection could not be restored.

Session expired

The server has moved on; the page needs a fresh start.